 Dungeon Crawl Stone Soup version 0.22-a0-367-gb72a975 (webtiles) character file.

98 VajrapaniSR the Insei (level 4, 0/34 HPs)
             Began as a Gnoll Transmuter on Apr 22, 2018.
             Slain by an orc wizard
             ... wielding a +0 dagger
              (2 damage)
             ... on level 4 of the Dungeon.
             The game lasted 00:01:54 (281 turns).

VajrapaniSR the Insei (Gnoll Transmuter)             Turns: 281, Time: 00:01:54

Health: 0/34       AC:  4    Str: 12    XL:     4   Next: 71%
Magic:  5/11       EV: 15    Int: 21    God:
Gold:   17         SH:  0    Dex: 16    Spells: 10/13 levels left

rFire    . . .     SeeInvis .     - Unarmed
rCold    . . .     Gourm    .   (no shield)
rNeg     . . .     Faith    .   b - +0 robe
rPois    .         Spirit   .   (no helmet)
rElec    .         Reflect  .   (no cloak)
rCorr    .         Harm     .   (no gloves)
MR       .....                  c - +1 pair of boots
Stlth    ++........             (no amulet)
HPRegen  0.11/turn              (no ring)
MPRegen  0.12/turn              (no ring)

@: brilliant, appendage
A: distributed training, fangs 1, horns 2, strong nose
a: End Transformation


You were on level 4 of the Dungeon.
You were not hungry.
You had grown temporary horns.
You visited 1 branch of the dungeon, and saw 4 of its levels.

You collected 17 gold pieces.

Inventory:

Missiles
 a - 7 arrows
 e - 19 stones (quivered)
Armour
 b - a +0 robe (worn)
 c - a +1 pair of boots (worn)
Comestibles
 d - 3 rations


   Skills:
 + Level 2.8 Fighting
 + Level 1.2 Short Blades
 + Level 1.2 Long Blades
 + Level 1.2 Axes
 + Level 1.2 Maces & Flails
 + Level 1.2 Polearms
 + Level 1.2 Staves
 + Level 1.2 Slings
 + Level 1.2 Bows
 + Level 1.2 Crossbows
 + Level 1.2 Throwing
 + Level 1.2 Armour
 + Level 4.6 Dodging
 + Level 1.2 Stealth
 + Level 1.2 Shields
 + Level 6.6 Unarmed Combat
 + Level 5.1 Spellcasting
 + Level 1.0 Conjurations
 + Level 1.0 Hexes
 + Level 1.0 Charms
 + Level 1.0 Summonings
 + Level 1.0 Necromancy
 + Level 1.0 Translocations
 + Level 3.8 Transmutations
 + Level 1.0 Fire Magic
 + Level 1.0 Ice Magic
 + Level 1.0 Air Magic
 + Level 1.0 Earth Magic
 + Level 1.0 Poison Magic
 + Level 1.3 Invocations
 + Level 1.2 Evocations


You had 10 spell levels left.
You knew the following spells:

 Your Spells              Type           Power        Failure   Level  Hunger
a - Beastly Appendage     Tmut           ####..       1%          1    None
b - Sticks to Snakes      Tmut           ####....     1%          2    None


Dungeon Overview and Level Annotations

Branches:
Dungeon (4/15)
 Temple: D:4-7

Altars:
Xom


Innate Abilities, Weirdness & Mutations

Your experience applies equally to all skills.
You have very sharp teeth.
Your uncanny sense of smell can sniff out nearby items.
You have a pair of horns on your head.


Message History

Your Summonings skill increases to level 1!
Your Necromancy skill increases to level 1!
Your Translocations skill increases to level 1!
Your Fire Magic skill increases to level 1!
Your Ice Magic skill increases to level 1!
Your Air Magic skill increases to level 1!
Your Earth Magic skill increases to level 1!
Your Poison Magic skill increases to level 1!
The orc closely misses your adder.
Your adder bites the orc.
The orc wizard casts a spell at you. The magic dart hits you!
* * * LOW HITPOINT WARNING * * *
The orc barely misses your adder.
Unknown command.
You aren't carrying any potions.
You punch the orc wizard! Your headbutt misses the orc wizard.
The orc wizard is severely wounded.
Your adder closely misses the orc.
The orc misses your adder. The orc hits your adder.
The orc wizard hits you with a dagger.
You die...

........#..8..$8...
.......$#.#.#.#.#.#.
........#....8...8...
..........#.#.#.#.#.#.
...........8...8...8..
......o.$.#.#.#.#.#.# #.
......oS.....8...8...8...
..(...oo..#.#.#.#.#.#.#.#
########@..8...8...8...8
#..#.#.#.#.#.#.#
#.....8...8...8
#..#.#.#.#.#.#.#.#
##..8...8...8..$8.
###.#.#.#.#.#.#.#
#.....### # #..)).####
#........#


You could see an orc wizard, 3 orcs and a friendly adder.

Vanquished Creatures
  A hound (D:4)
  An iguana (D:4)
  An adder skeleton (D:4)
  A bat (D:1)
  2 goblins
  A hobgoblin (D:3)
  A kobold (D:2)
  A rat (D:1)
9 creatures vanquished.

Vanquished Creatures (collateral kills)
  An ogre (D:4)
  An orc (D:4)
2 creatures vanquished.

Grand Total: 11 creatures vanquished

Notes
Turn   | Place    | Note
-------+----------+-------------------------------------------
     0 | D:1      | VajrapaniSR the Gnoll Transmuter began the quest for the Orb.
     0 | D:1      | Reached XP level 1. HP: 17/17 MP: 6/6
    91 | D:2      | Found a shimmering altar of Xom.
   146 | D:3      | Reached XP level 2. HP: 19/23 MP: 7/7
   151 | D:3      | Learned a level 2 spell: Sticks to Snakes
   185 | D:4      | Reached skill level 5 in Spellcasting
   185 | D:4      | Reached XP level 3. HP: 16/28 MP: 6/9
   239 | D:4      | Noticed an ogre
   254 | D:4      | Killed an ogre
   254 | D:4      | Reached skill level 1 in Short Blades
   254 | D:4      | Reached skill level 1 in Long Blades
   254 | D:4      | Reached skill level 1 in Axes
   254 | D:4      | Reached skill level 1 in Maces & Flails
   254 | D:4      | Reached skill level 1 in Polearms
   254 | D:4      | Reached skill level 1 in Staves
   254 | D:4      | Reached skill level 1 in Slings
   254 | D:4      | Reached skill level 1 in Bows
   254 | D:4      | Reached skill level 1 in Crossbows
   254 | D:4      | Reached skill level 1 in Throwing
   254 | D:4      | Reached skill level 1 in Armour
   254 | D:4      | Reached skill level 1 in Stealth
   254 | D:4      | Reached skill level 1 in Shields
   254 | D:4      | Reached skill level 1 in Invocations
   254 | D:4      | Reached skill level 1 in Evocations
   254 | D:4      | Reached XP level 4. HP: 24/34 MP: 3/11
   280 | D:4      | Reached skill level 1 in Conjurations
   280 | D:4      | Reached skill level 1 in Hexes
   280 | D:4      | Reached skill level 1 in Charms
   280 | D:4      | Reached skill level 1 in Summonings
   280 | D:4      | Reached skill level 1 in Necromancy
   280 | D:4      | Reached skill level 1 in Translocations
   280 | D:4      | Reached skill level 1 in Fire Magic
   280 | D:4      | Reached skill level 1 in Ice Magic
   280 | D:4      | Reached skill level 1 in Air Magic
   280 | D:4      | Reached skill level 1 in Earth Magic
   280 | D:4      | Reached skill level 1 in Poison Magic
   281 | D:4      | Slain by an orc wizard

Vault maps used:
D:1:      dpeg_arrival_shelter
D:2:      lemuel_coloured_pillars_altar, nicolae_overflow_crystal_walls,
          first_ration
D:3:      kb_forest_paths
D:4:      temple_statues, kennysheep_crisscross

Skill      XL: |  1  2  3  4 |
---------------+-------------+-----
Spellcasting   | 5 |  5.1
Short Blades   | 1 |  1.2
Long Blades    | 1 |  1.2
Axes           | 1 |  1.2
Maces & Flails | 1 |  1.2
Polearms       | 1 |  1.2
Staves         | 1 |  1.2
Slings         | 1 |  1.2
Bows           | 1 |  1.2
Crossbows      | 1 |  1.2
Throwing       | 1 |  1.2
Armour         | 1 |  1.2
Stealth        | 1 |  1.2
Shields        | 1 |  1.2
Invocations    | 1 |  1.3
Evocations     | 1 |  1.2
Conjurations   | 1 |  1.0
Hexes          | 1 |  1.0
Charms         | 1 |  1.0
Summonings     | 1 |  1.0
Necromancy     | 1 |  1.0
Translocations | 1 |  1.0
Fire Magic     | 1 |  1.0
Ice Magic      | 1 |  1.0
Air Magic      | 1 |  1.0
Earth Magic    | 1 |  1.0
Poison Magic   | 1 |  1.0
Fighting       | |  2.8
Dodging        | |  4.6
Unarmed Combat | |  6.6
Transmutations | |  3.8

Action                   |  1- 3 |  4- 6 || total
-------------------------+-------+-------++-------
Melee: Unarmed           |    29 |     4 ||    33
       Bite              |     4 |       ||     4
       Headbutt          |     2 |       ||     2
 Cast: Beastly Appendage |     2 |     1 ||     3
       Sticks to Snakes  |     3 |       ||     3
  Use: Scroll            |     1 |       ||     1
       Potion            |     1 |       ||     1
Armor: Robe              |     3 |       ||     3
Dodge: Dodged            |    13 |     5 ||    18

Table legend:
 A = Spawn XP
 B = Non-spawn XP
 C = Spawn XP percentage of total XP
 D = Spawn monster count
 E = Non-spawn monster count
 F = Spawn count percentage of total count
 G = Total turns spent on level
                    A         B        C        D         E        F      G
               +---------+---------+-------+---------+---------+-------+---------
         Total |       0 |     141 |   0.0 |       0 |      11 |   0.0 |   281
               +---------+---------+-------+---------+---------+-------+---------
           D:1 |       0 |       5 |   0.0 |       0 |       3 |   0.0 |    46
           D:2 |       0 |       1 |   0.0 |       0 |       1 |   0.0 |    64
           D:3 |       0 |       4 |   0.0 |       0 |       2 |   0.0 |    69
           D:4 |       0 |     131 |   0.0 |       0 |       5 |   0.0 |   102
               +---------+---------+-------+---------+---------+-------+---------
